 Dungeon Crawl Stone Soup version 0.29.1-2-gbd0b4ee654 (webtiles) character file.

Game seed: 7474799555487503544

46 warriortoast the Sneak (level 3, -6/16 HPs)
             Began as a Spriggan Enchanter on Nov 21, 2022.
             Mangled by a goblin
             ... wielding a +1 dagger of distortion
              (21 damage)
             ... on level 2 of the Dungeon.
             The game lasted 00:03:18 (1895 turns).

warriortoast the Sneak (Spriggan Enchanter)         Turns: 1895, Time: 00:03:19

Health: -6/16      AC:  2    Str:  6    XL:     3   Next: 44%
Magic:  8/8        EV: 17    Int: 16    God:
Gold:   22         SH:  0    Dex: 15    Spells: 0/8 levels left

rFire   . . .      SeeInvis +   a - +1 dagger
rCold   . . .      Faith    .   (no shield)
rNeg    . . .      Spirit   .   b - +0 robe
rPois   .          Reflect  .   (helmet restricted)
rElec   .          Harm     .   (no cloak)
rCorr   .          Rampage  .   (gloves unavailable)
Will    .....                   (boots unavailable)
Stlth   +++.......              (no amulet)
HPRegen 0.05/turn               (no ring)
MPRegen 0.11/turn               (no ring)

@: very quick
A: very small, no large weapons, unfitting armour, see invisible, speed 3
a: no special abilities


You were on level 2 of the Dungeon.
You visited 1 branch of the dungeon, and saw 2 of its levels.

You collected 22 gold pieces.

Inventory:

Hand Weapons
 a - a +1 dagger (weapon)
Armour
 b - a +0 robe (worn)
Jewellery
 f - a ring of flight
 j - a ring of resist corrosion
Wands
 k - a wand of charming (9)
Scrolls
 d - 3 scrolls of identify {unknown}
 e - a scroll of teleportation {unknown}
 g - a scroll of noise {unknown}
 h - a scroll of amnesia {unknown}
Potions
 c - 2 potions of invisibility
 i - a potion of curing {unknown}


   Skills:
 + Level 1.9 Short Blades
 + Level 3.3 Dodging
 + Level 5.0 Stealth
 + Level 3.3 Spellcasting
 + Level 4.0 Hexes


You couldn't memorise any spells.
You knew the following spells:

 Your Spells              Type           Power      Damage    Failure   Level
a - Ensorcelled Hibernat  Hex/Ice        18%        N/A       12%         2
b - Confusing Touch       Hex            15%        N/A       11%         3
c - Tukima's Dance        Hex            15%        N/A       11%         3

Your spell library contained the following spells:

 Spells                   Type           Power      Damage    Failure   Level
 Shock                    Conj/Air       8%         1d3       19%         1
 Dazzling Flash           Conj/Hex       18%        N/A       24%         3
 Ignite Poison            Fire/Tmut/Pois 2%         N/A       50%         3
 Mephitic Cloud           Conj/Pois/Air  2%         N/A       50%         3
 Swiftness                Air            2%         N/A       50%         3
 Airstrike                Air            1%         2d(1-17)  88%         4
 Freezing Cloud           Conj/Ice/Air   1%         6-21      99%         5
 Iskenderun's Battlesphe  Conj           2%         2d6       99%         5
 Iron Shot                Conj/Erth      1%         9d1       100%        6
 Spellforged Servitor     Conj/Summ      1%         N/A       100%        7


Dungeon Overview and Level Annotations

Branches:
Dungeon (2/15)

Altars:


Innate Abilities, Weirdness & Mutations

You are very small and have problems with some larger weapons.
You are too small for most types of armour.
You have supernaturally acute eyesight. (SInv)
You cover ground extremely quickly. (Speed+++)


Message History

You kill the worm!
Your Stealth skill increases to level 5!
Casting: Ensorcelled Hibernation (safe; 12% risk of failure)
Confirm with . or Enter, or press ? or * to list all spells.
Aiming: Ensorcelled Hibernation (safe; 12% risk of failure)
Press: ? - help, Shift-Dir - straight line, f - giant cockroach
Aim: a giant cockroach (chance to affect: 61%)
The giant cockroach looks drowsy...
You see here a ring of resist corrosion.
The helpless giant cockroach fails to defend itself.
You impale the giant cockroach!!
You kill the giant cockroach!
A goblin comes into view. It is wielding a +0 club.
There is a stone staircase leading down here.
Casting: Ensorcelled Hibernation (safe; 12% risk of failure)
Confirm with . or Enter, or press ? or * to list all spells.
Aiming: Ensorcelled Hibernation (safe; 12% risk of failure)
Press: ? - help, Shift-Dir - straight line, f - goblin
Aim: a goblin, wielding a +0 club (chance to affect: 61%)
You miscast Ensorcelled Hibernation.
You are very lightly contaminated with residual magic.
Nothing appears to happen.
Casting: Ensorcelled Hibernation (safe; 12% risk of failure)
Confirm with . or Enter, or press ? or * to list all spells.
Aiming: Ensorcelled Hibernation (safe; 12% risk of failure)
Press: ? - help, Shift-Dir - straight line, f/p - goblin
Aim: a goblin, wielding a +0 club (chance to affect: 61%)
The goblin looks drowsy...
The helpless goblin fails to defend itself.
You impale the goblin!!
You kill the goblin!
Your magical contamination has completely faded away.
Magic restored.
j - a ring of resist corrosion
k - a wand of charming (9)
A goblin comes into view.
It is wielding a +1 dagger of distortion.
The goblin hits you with a +1 dagger of distortion.
Space warps horribly around you!!
Ouch! That really hurt!
You die...

......†....######.##
...#####............ #
#..........# ...#.
##...#######
#..#.######...#
..........#...#
#...#........#
#...#.[#.#..########.##
#$.......#.....@g.....#
#.....................#
#......#.......#####.##
#......<....##.#
#.....<..........
#...#..#.$#..#.###
#......#...#.#.#
#.#.##.#...#.#.# #...
..#...# #


You could see a goblin.

Vanquished Creatures
  A worm (D:2)
  4 dart slugs
  5 ball pythons (D:1)
  An endoplasm (D:1)
  5 giant cockroaches
  4 goblins
  4 hobgoblins (D:1)
  2 kobolds (D:1)
  A quokka (D:1)
  2 bats (D:1)
  A frilled lizard (D:1)
  2 rats (D:1)
32 creatures vanquished.

Notes
Turn   | Place    | Note
-------+----------+-------------------------------------------
     0 | D:1      | warriortoast the Spriggan Enchanter began the quest for the
                  | Orb.
     0 | D:1      | Reached XP level 1. HP: 9/9 MP: 5/5
   133 | D:1      | Reached XP level 2. HP: 11/13 MP: 6/6
   154 | D:1      | Learned a level 2 spell: Ensorcelled Hibernation
  1155 | D:1      | Reached XP level 3. HP: 16/16 MP: 8/8
  1811 | D:2      | Learned a level 3 spell: Confusing Touch
  1815 | D:2      | Learned a level 3 spell: Tukima's Dance
  1821 | D:2      | Reached skill level 5 in Stealth
  1895 | D:2      | Mangled by a goblin

Illustrated notes

Levels and vault maps discovered:
D:1:      dpeg_arrival_arbitrary_c, layout_loops_corners
D:2:      layout_basic, chequers_ecumenical_altar_island, basic_altar,
          minmay_misc_feat_rugged, kennysheep_minor_cross, uniq_jessica

Skill      XL: |  1  2  3 |
---------------+----------+-----
Dodging        | 3 |  3.3
Spellcasting   | 3 |  3.3
Hexes          | 4 |  4.0
Stealth        | 5 |  5.0
Short Blades   | |  1.9

Action                   || total
-------------------------++-------
Melee: Dagger            ||    76
 Cast: Ensorcelled Hiber ||    15
 Stab: Sleeping          ||    20
Armor: Robe              ||     5
Dodge: Dodged            ||    55
